 Dungeon Crawl Stone Soup version 0.30-a0-1018-g25214051b3 (webtiles) character file.

Game seed: 15263597569687663343

366 fozzywoppz the Trooper (level 6, -2/49 HPs)
             Began as a Demonspawn Monk on Apr 7, 2023.
             Splashed by a jelly's acid (8 damage)
             ... on level 4 of the Dungeon.
             The game lasted 00:08:02 (3319 turns).

fozzywoppz the Trooper (Demonspawn Monk)            Turns: 3319, Time: 00:08:04

Health: -2/49      AC:  8    Str: 11    XL:     6   Next: 40%
Magic:  6/6        EV: 14    Int: 11    God:
Gold:   285        SH:  4    Dex: 18    Spells: 5/5 levels left

rFire   . . .      SeeInvis .      - Unarmed
rCold   . . .      Faith    .    (no shield)
rNeg    + . .      Spirit   .    t - +2 ring mail {rN+}
rPois   .          Reflect  .    h - +2 helmet
rElec   .          Rampage  .    u - +0 cloak
rCorr   .                        (no gloves)
Will    .....                    e - +0 pair of boots
Stlth   ++                       (no amulet)
HPRegen 0.28/turn                (no ring)
MPRegen 0.10/turn                (no ring)

@: corroded
A: hooves 1, repulsion field 1, condensation shield
a: no special abilities


You were on level 4 of the Dungeon.
You visited 1 branch of the dungeon, and saw 4 of its levels.

You collected 285 gold pieces.

Inventory:

Missiles
 k - 3 javelins (quivered)
Armour
 d - a +0 tower shield
 e - a +0 pair of boots (worn)
 h - a +2 helmet (worn)
 t - a +2 ring mail of positive energy (worn)
 u - a +0 cloak (worn)
Wands
 i - a wand of polymorph (8)
Scrolls
 c - a scroll of immolation {unknown}
 g - a scroll of noise {unknown}
 m - a scroll of enchant weapon {unknown}
 n - a scroll of torment {unknown}
 p - a scroll of magic mapping {unknown}
 q - a scroll of acquirement {unknown}
 r - a scroll of identify
 s - a scroll of fog {unknown}
Potions
 a - a potion of heal wounds
 b - 2 potions of brilliance
 j - 2 potions of cancellation
 l - 4 potions of attraction
 o - a potion of resistance {unknown}
 v - a potion of degeneration {unknown}


   Skills:
 + Level 4.3 Fighting
 + Level 2.4 Armour
 + Level 4.1 Dodging
 - Level 2.0 Stealth
 + Level 4.1 Unarmed Combat


You had 5 spell levels left.
You didn't know any spells.
Your spell library contained the following spells:

 Spells                   Type           Power      Damage    Failure   Level
 Volatile Blastmotes      Fire/Tloc      0%         2d10      94%         3
 Fulminant Prism          Conj/Hex       0%         3d5       100%        4
 Iskenderun's Mystic Bla  Conj/Tloc      0%         2d3       100%        4
 Lee's Rapid Deconstruct  Erth           0%         3d4*      100%        5


Dungeon Overview and Level Annotations

Branches:
Dungeon (4/15)
 Temple: D:4-7

Altars:
Uskayaw

Shops:
D:3 ?


Innate Abilities, Weirdness & Mutations

You have large cloven feet.
You are surrounded by a mild repulsion field. (EV +2)
A meltable shield of frost defends you. (SH +4)


Message History

An ogre is nearby!
Found a stone staircase leading down.
A jelly comes into view.
The jelly quivers.
A kobold comes into view. It is wielding a +0 falchion.
The kobold shouts!
The kobold throws a stone.
The stone barely misses you.
The kobold throws a stone.
You block the stone.
Found a short sword.
The kobold misses you.
You hit the kobold.
You kill the kobold!
Items here: $ ( ) †.
The jelly attacks as you move away! The jelly hits you but does no damage.
You hit the jelly.
Your hands burn!
The jelly is moderately wounded.
The jelly closely misses you.
You hit the jelly.
Your hands burn!
The jelly is heavily wounded.
The jelly hits you but does no damage.
You hit the jelly but do no damage.
Your hands burn!
* * * LOW HITPOINT WARNING * * *
The jelly is heavily wounded.
The jelly hits you but does no damage.
You barely miss the jelly.
The jelly is heavily wounded.
The jelly completely misses you.
You barely miss the jelly.
The jelly is heavily wounded.
You block the jelly's attack.
You hit the jelly. The acid corrodes you!
Your hands burn!
* * * LOW HITPOINT WARNING * * *
The jelly is severely wounded.
You block the jelly's attack.
You hit the jelly but do no damage.
Your hands burn!
* * * LOW HITPOINT WARNING * * *
The jelly is severely wounded.
The jelly hits you.
* * * LOW HITPOINT WARNING * * *
You are splashed with acid!
You die...

.#
#>..##......####
..#
###..#.......####
...
#...........#.##
#
#.....#........#
#.............#
#.....)..##...#
#.............#
##.......J..###
#..#....#@##
.......#.###
.#.........
###.....).#
#.......#
##.#.#### ####


You could see a jelly.

Vanquished Creatures
  A scorpion (D:4)
  A hound (D:3)
  2 sleepcaps (D:4)
  An iguana (D:4)
  An orc wizard (D:4)
  Robin (D:2)
  5 adders
  5 worms
  A dart slug (D:1)
  8 orcs (D:4)
  10 ball pythons
  6 endoplasms
  A giant cockroach (D:3)
  15 goblins
  11 hobgoblins
  7 jackals
  10 kobolds
  A quokka (D:4)
  4 bats
  3 frilled lizards (D:1)
  7 rats
101 creatures vanquished.

Notes
Turn   | Place    | Note
-------+----------+-------------------------------------------
     0 | D:1      | fozzywoppz the Demonspawn Monk began the quest for the Orb.
     0 | D:1      | Reached XP level 1. HP: 18/18 MP: 1/1
   250 | D:1      | Gained mutation: You have large cloven feet. [demonic
                  | ancestry]
   250 | D:1      | Reached XP level 2. HP: 9/24 MP: 2/2
  1104 | D:2      | Reached XP level 3. HP: 24/29 MP: 3/3
  1712 | D:2      | Gained mutation: You are surrounded by a mild repulsion
                  | field. (EV +2) [demonic ancestry]
  1712 | D:2      | Reached XP level 4. HP: 28/35 MP: 4/4
  1718 | D:2      | Reached skill level 1 in Armour
  1734 | D:2      | Noticed Robin
  1771 | D:2      | Killed Robin
  2116 | D:3      | Reached XP level 5. HP: 41/42 MP: 5/5
  2202 | D:3      | Found Heulurebba's Magic Scroll Shoppe.
  2420 | D:3      | Identified the +9 hand axe "Haeshrell" {venom, *Noise rC+
                  | rN++}
  2750 | D:4      | Noticed Eustachio
  2863 | D:3      | Eustachio changed into Eustachio the ball python
  2863 | D:3      | Noticed Eustachio
  2867 | D:3      | Killed Eustachio the ball python
  2998 | D:4      | Gained mutation: A meltable shield of frost defends you.
                  | (SH +4) [demonic ancestry]
  2998 | D:4      | Reached XP level 6. HP: 12/48 MP: 6/6
  3096 | D:4      | Found a hide-covered altar of Uskayaw.
  3319 | D:4      | Splashed by a jelly's acid

Illustrated notes

Levels and vault maps discovered:
D:1:      wander_arrival_estate, layout_basic
D:2:      layout_loops_cross, chequers_serial_rivers_marsh,
          chequers_decorated_corner, minmay_misc_feat_tiny,
          hangedman_decor_peaks_small, uniq_robin
D:3:      layout_loops_ring, serial_shops, nicolae_shop_waterfront,
          minmay_statues_item, guppyfry_early_lair_pool
D:4:      layout_cave_pools, overflow_temple_1_default, uniq_eustachio,
          uniq_natasha

Skill      XL: |  1  2  3  4  5  6 |
---------------+-------------------+-----
Stealth        | 2 |  2.0
Dodging        | 3 4 |  4.1
Unarmed Combat | 3 4 |  4.1
Armour         | 1 2 |  2.4
Fighting       | 4 |  4.3

Action                     |  1- 3 |  4- 6 || total
---------------------------+-------+-------++-------
  Melee: Unarmed           |   179 |   268 ||   447
         Kick              |    33 |    54 ||    87
         Punch             |     1 |     7 ||     8
  Evoke: Wand              |       |     1 ||     1
    Use: Potion            |       |     4 ||     4
         Scroll            |       |     4 ||     4
   Stab: Sleeping          |     2 |       ||     2
 Armour: Robe              |    17 |       ||    17
         Scale mail        |    35 |   100 ||   135
         Ring mail         |       |    15 ||    15
  Dodge: Dodged            |    72 |   202 ||   274
  Block: Other             |       |    24 ||    24

Table legend: (Time is in decaauts)
 A = Elapsed time spent in this place.
 B = Non-inter-level travel time spent in this place.
 C = Inter-level travel time spent in this place.
 D = Time resting spent in this place.
 E = Time spent auto-exploring this place.
 F = Levels seen in this place.
 G = Mean time per level.
                   A        B        C        D        E       F      G
               +--------+--------+--------+--------+--------+-----+--------+
         Total |   3295 |   3204 |     91 |    116 |   2012 |   4 |  823.8 |
       Dungeon |   3295 |   3204 |     91 |    116 |   2012 |   4 |  823.8 |
               +--------+--------+--------+--------+--------+-----+--------+

Top non-repeatable levels by time:
     D:1: 1059 daAuts
     D:2: 971 daAuts
     D:3: 770 daAuts
     D:4: 493 daAuts
